General information
- name: BNet
- type: Ladder team game (AT/RT)
- host: Battle.net
- saver: Kameradschaft
map: Deathknell
- players: 8
- length: 23:15
- speed: Fast
- version: 1.26 W3XP
- replay type: Public
» download(157 KB)
Players
team 1 (loser)

»
kmh.ix (
blue | 27 APM | 599 actions | 21:52)
5 Mountain King
2 Storm Bolt
3 Bash
» actions
| Assign group hotkey | 20 | |
| Build / train | 45 | |
| Enter build submenu | 16 | |
| Enter hero's abilities submenu | 5 | |
| Right click | 236 | |
| Select / deselect | 137 | |
| Select group hotkey | 103 | |
| Use ability | 37 | |
599 total
» units
| Peasant | 11 | |
| Rifleman | 6 | |
| Gryphon Rider | 7 | |
24 total
» upgrades
| Armor | 3 | |
| Long Rifles | 1 | |
| Storm Hammers | 1 | |
| Animal War Training | 1 | |
6 total
» buildings
| Altar of Kings | 1 | |
| Farm | 8 | |
| Lumber Mill | 1 | |
| Barracks | 2 | |
| Blacksmith | 1 | |
| Keep | 1 | |
| Arcane Vault | 1 | |
| Castle | 1 | |
| Gryphon Aviary | 2 | |
18 total
» build order
00:26 Altar of Kings
00:41 Farm
01:00 Lumber Mill
01:22 Farm
01:37 Barracks
02:07 Blacksmith
02:14 Farm
02:48 Barracks
02:58 Farm
03:32 Keep
05:00 Arcane Vault
05:21 Farm
05:57 Castle
06:16 Gryphon Aviary
06:33 Gryphon Aviary
07:04 Farm
07:52 Farm
08:31 Farm
» items
| Scroll of Regeneration | 2 | |
| Scroll of Town Portal | 4 | |
| Rod of Necromancy | 1 | |
7 total
walmartpimp (
yellow | 82 APM | 1895 actions | 23:09)
5 Death Knight
2 Unholy Aura
3 Death Coil
» actions
| Assign group hotkey | 39 | |
| Basic commands | 31 | |
| Build / train | 65 | |
| ESC pressed | 6 | |
| Enter build submenu | 26 | |
| Enter hero's abilities submenu | 6 | |
| Right click | 503 | |
| Select / deselect | 201 | |
| Select group hotkey | 960 | |
| Use ability | 58 | |
1895 total
» units
| Acolyte | 11 | |
| Ghoul | 10 | |
| Crypt Fiend | 6 | |
| Frost Wyrm | 11 | |
38 total
» upgrades
| Creature Attack | 3 | |
| Web | 1 | |
| Burrow | 1 | |
| Freezing Breath | 1 | |
| Creature Carapace | 1 | |
7 total
» buildings
| Ziggurat | 9 | |
| Altar of Darkness | 1 | |
| Crypt | 1 | |
| Tomb of Relics | 1 | |
| Graveyard | 1 | |
| Nerubian Tower | 2 | |
| Spirit Tower | 1 | |
| Halls of the Dead | 1 | |
| Black Citadel | 1 | |
| Sacrificial Pit | 1 | |
| Boneyard | 3 | |
22 total
» build order
00:12 Ziggurat
00:18 Altar of Darkness
00:35 Crypt
01:16 Tomb of Relics
01:54 Graveyard
02:07 Ziggurat
02:11 Nerubian Tower
03:19 Spirit Tower
04:42 Halls of the Dead
05:21 Ziggurat
07:06 Black Citadel
07:10 Sacrificial Pit
09:34 Boneyard
11:12 Ziggurat
11:13 Ziggurat
14:24 Boneyard
15:49 Nerubian Tower
15:56 Ziggurat
15:57 Ziggurat
15:58 Ziggurat
19:10 Boneyard
20:16 Ziggurat
» items
| Rod of Necromancy | 1 | |
| Dust of Appearance | 1 | |
| Potion of Healing | 1 | |
| Scroll of Town Portal | 3 | |
6 total

»
gh0zt (
pink | 34 APM | 753 actions | 21:53)
5 Death Knight
2 Death Coil
3 Unholy Aura
» actions
| Assign group hotkey | 4 | |
| Basic commands | 29 | |
| Build / train | 55 | |
| Enter build submenu | 17 | |
| Enter hero's abilities submenu | 5 | |
| Remove unit from queue | 2 | |
| Right click | 237 | |
| Select / deselect | 328 | |
| Select group hotkey | 36 | |
| Use ability | 40 | |
753 total
» units
| Acolyte | 12 | |
| Ghoul | 3 | |
| Crypt Fiend | 8 | |
| Abomination | 4 | |
| Gargoyle | -1 | |
26 total
» upgrades
| Unholy Strength | 3 | |
| Unholy Armor | 3 | |
| Necromancer Training | 1 | |
| Skeletal Longevity | 1 | |
| Web | 1 | |
| Disease Cloud | 1 | |
10 total
» buildings
| Crypt | 2 | |
| Graveyard | 1 | |
| Ziggurat | 21 | |
| Altar of Darkness | 1 | |
| Nerubian Tower | 2 | |
| Spirit Tower | 7 | |
| Halls of the Dead | 1 | |
| Slaughterhouse | 2 | |
| Black Citadel | 1 | |
| Temple of the Damned | 2 | |
40 total
» build order
00:13 Crypt
00:20 Graveyard
01:00 Ziggurat
01:04 Ziggurat
01:29 Crypt
02:07 Altar of Darkness
02:34 Nerubian Tower
02:37 Nerubian Tower
02:53 Ziggurat
04:31 Spirit Tower
05:49 Halls of the Dead
05:54 Ziggurat
05:56 Ziggurat
05:58 Ziggurat
06:57 Spirit Tower
07:00 Spirit Tower
08:30 Slaughterhouse
08:32 Slaughterhouse
08:45 Ziggurat
08:48 Ziggurat
10:42 Black Citadel
10:53 Ziggurat
10:55 Ziggurat
10:56 Ziggurat
10:57 Ziggurat
11:00 Ziggurat
12:41 Temple of the Damned
12:42 Temple of the Damned
13:59 Spirit Tower
15:20 Spirit Tower
16:03 Ziggurat
16:05 Ziggurat
16:06 Ziggurat
16:10 Ziggurat
19:00 Spirit Tower
19:22 Ziggurat
19:23 Ziggurat
19:24 Ziggurat
19:26 Ziggurat
20:29 Spirit Tower

»
Uknownentity (
teal | 32 APM | 750 actions | 23:14)
6 Paladin
3 Holy Light
2 Devotion Aura
1 Resurrection
» actions
| Assign group hotkey | 5 | |
| Basic commands | 1 | |
| Build / train | 54 | |
| Enter build submenu | 18 | |
| Enter hero's abilities submenu | 6 | |
| Right click | 278 | |
| Select / deselect | 328 | |
| Select group hotkey | 7 | |
| Use ability | 53 | |
750 total
» units
| Peasant | 12 | |
| Rifleman | 12 | |
| Priest | 2 | |
| Mortar Team | 6 | |
32 total
» upgrades
| Gunpowder | 3 | |
| Armor | 3 | |
| Long Rifles | 1 | |
| Fragmentation Shards | 1 | |
8 total
» buildings
| Altar of Kings | 1 | |
| Farm | 9 | |
| Blacksmith | 1 | |
| Barracks | 2 | |
| Lumber Mill | 1 | |
| Keep | 1 | |
| Workshop | 2 | |
| Arcane Sanctum | 1 | |
| Castle | 1 | |
| Town Hall | 1 | |
20 total
» build order
00:13 Altar of Kings
00:17 Farm
00:41 Blacksmith
01:01 Farm
01:41 Barracks
02:25 Lumber Mill
02:55 Farm
04:48 Keep
05:03 Barracks
05:37 Farm
05:40 Farm
06:16 Farm
08:17 Workshop
08:20 Workshop
08:22 Arcane Sanctum
08:54 Castle
18:58 Farm
21:07 Town Hall
22:17 Farm
22:19 Farm
» items
| Scroll of Healing | 1 | |
| Rod of Necromancy | 1 | |
| Potion of Healing | 2 | |
| Scroll of Town Portal | 1 | |
5 total
team 2 (winner)

»
EEek (
orange | 89 APM | 2067 actions | 23:14)
5 Blademaster
3 Wind Walk
2 Critical Strike
4 Shadow Hunter
2 Healing Wave
2 Hex
3 Paladin
1 Divine Shield
2 Holy Light
1 Mountain King
1 Bash
» actions
| Assign group hotkey | 46 | |
| Basic commands | 47 | |
| Build / train | 84 | |
| ESC pressed | 5 | |
| Enter build submenu | 25 | |
| Enter hero's abilities submenu | 13 | |
| Remove unit from queue | 1 | |
| Right click | 747 | |
| Select / deselect | 369 | |
| Select group hotkey | 626 | |
| Use ability | 104 | |
2067 total
» units
| Peon | 10 | |
| Grunt | 7 | |
| Rifleman | 2 | |
| Shaman | 5 | |
| Demolisher | 2 | |
| Tauren | 7 | |
| Troll Batrider | 10 | |
| Troll Witch Doctor | 3 | |
| Siege Engine | 2 | |
48 total
» upgrades
| Berserker Strength | 1 | |
| Shaman Training | 2 | |
| Lumber Harvesting | 1 | |
| Gunpowder | 1 | |
| Witch Doctor Training | 2 | |
| Barrage | 1 | |
8 total
» buildings
| Altar of Storms | 1 | |
| Orc Burrow | 7 | |
| Barracks | 1 | |
| Voodoo Lounge | 1 | |
| Stronghold | 1 | |
| Fortress | 1 | |
| Spirit Lodge | 1 | |
| War Mill | 1 | |
| Great Hall | 2 | |
| Tauren Totem | 1 | |
| Beastiary | 2 | |
| Workshop | 2 | |
| Farm | 2 | |
| Arcane Sanctum | 1 | |
24 total
» build order
00:03 Altar of Storms
00:15 Orc Burrow
00:23 Barracks
01:24 Orc Burrow
02:30 Voodoo Lounge
03:02 Stronghold
05:46 Fortress
05:47 Spirit Lodge
05:54 War Mill
06:08 Orc Burrow
06:50 Great Hall
08:54 Tauren Totem
11:12 Beastiary
11:44 Workshop
12:12 Orc Burrow
12:42 Orc Burrow
13:25 Orc Burrow
13:49 Farm
14:49 Beastiary
17:02 Orc Burrow
19:18 Arcane Sanctum
20:20 Workshop
20:21 Farm
22:27 Great Hall
» items
| Healing Salve | 3 | |
| Lesser Clarity Potion | 2 | |
| Orb of Lightning | 2 | |
| Scroll of Regeneration | 1 | |
| Potion of Mana | 1 | |
| Scroll of Town Portal | 1 | |
10 total

»
WiX2011 (
red | 39 APM | 918 actions | 23:14)
7 Dreadlord
3 Vampiric Aura
3 Sleep
1 Inferno
2 Mountain King
2 Storm Bolt
» actions
| Basic commands | 126 | |
| Build / train | 120 | |
| Enter build submenu | 29 | |
| Enter hero's abilities submenu | 9 | |
| Remove unit from queue | 9 | |
| Right click | 184 | |
| Select / deselect | 390 | |
| Use ability | 51 | |
918 total
» units
| Acolyte | 9 | |
| Ghoul | 22 | |
| Rifleman | 7 | |
| Peasant | 8 | |
| Footman | -1 | |
| Crypt Fiend | 16 | |
| Knight | 4 | |
| Frost Wyrm | 4 | |
69 total
» upgrades
| Long Rifles | 1 | |
| Web | 1 | |
| Lumber Harvesting | 1 | |
| Creature Attack | 3 | |
| Creature Carapace | 2 | |
| Animal War Training | 1 | |
| Gunpowder | 1 | |
10 total
» buildings
| Crypt | 3 | |
| Ziggurat | 10 | |
| Altar of Darkness | 1 | |
| Graveyard | 1 | |
| Tomb of Relics | 1 | |
| Keep | 1 | |
| Farm | 5 | |
| Barracks | 1 | |
| Arcane Vault | 1 | |
| Halls of the Dead | 1 | |
| Castle | 2 | |
| Necropolis | 1 | |
| Town Hall | 1 | |
| Black Citadel | 1 | |
| Spirit Tower | 2 | |
| Sacrificial Pit | 1 | |
| Boneyard | 1 | |
| Nerubian Tower | 1 | |
35 total
» build order
00:26 Crypt
00:27 Ziggurat
00:47 Altar of Darkness
01:10 Graveyard
01:21 Tomb of Relics
01:44 Ziggurat
02:39 Ziggurat
04:30 Keep
05:41 Farm
05:50 Farm
05:57 Barracks
06:03 Arcane Vault
06:39 Crypt
06:40 Crypt
07:29 Ziggurat
07:39 Halls of the Dead
07:48 Farm
07:49 Farm
07:54 Castle
07:54 Castle
08:27 Necropolis
08:30 Ziggurat
08:32 Ziggurat
08:35 Ziggurat
09:01 Ziggurat
09:53 Town Hall
10:42 Black Citadel
11:06 Spirit Tower
11:10 Ziggurat
12:31 Farm
12:38 Spirit Tower
13:52 Sacrificial Pit
14:02 Ziggurat
14:55 Boneyard
15:00 Nerubian Tower
» items
| Rod of Necromancy | 1 | |
| Dust of Appearance | 1 | |
| Scroll of Town Portal | 4 | |
| Scroll of Healing | 2 | |
| Orb of Corruption | 1 | |
| Scroll of Speed | 1 | |
10 total
Kameradschaft (
green | 103 APM | 2396 actions | 23:15)
6 Blood Mage
3 Flame Strike
2 Siphon Mana
1 Summon Phoenix
1 Paladin
1 Divine Shield
» actions
| Assign group hotkey | 59 | |
| Basic commands | 146 | |
| Build / train | 127 | |
| ESC pressed | 8 | |
| Enter build submenu | 52 | |
| Enter hero's abilities submenu | 7 | |
| Give item / drop item | 1 | |
| Right click | 944 | |
| Select / deselect | 335 | |
| Select group hotkey | 568 | |
| Use ability | 149 | |
2396 total
» units
| Peasant | 22 | |
| Footman | 9 | |
| Dragonhawk Rider | 8 | |
| Gryphon Rider | 2 | |
41 total
» upgrades
| Masonry | 6 | |
| Defend | 1 | |
| Swords | 3 | |
| Armor | 3 | |
| Lumber Harvesting | 2 | |
| Animal War Training | 1 | |
| Storm Hammers | 1 | |
| Cloud | 1 | |
| Backpack | 1 | |
| Plating | 1 | |
| Gunpowder | 1 | |
21 total
» buildings
| Altar of Kings | 1 | |
| Barracks | 1 | |
| Farm | 11 | |
| Arcane Vault | 2 | |
| Keep | 3 | |
| Blacksmith | 1 | |
| Lumber Mill | 1 | |
| Town Hall | 3 | |
| Gryphon Aviary | 4 | |
| Scout Tower | 21 | |
| Guard Tower | 21 | |
| Castle | 3 | |
72 total
» build order
00:05 Altar of Kings
00:13 Barracks
00:21 Farm
01:14 Farm
01:49 Farm
01:52 Farm
02:31 Farm
04:03 Arcane Vault
04:05 Arcane Vault
05:39 Keep
05:39 Keep
06:13 Blacksmith
06:17 Lumber Mill
06:50 Town Hall
08:56 Gryphon Aviary
09:17 Gryphon Aviary
09:44 Scout Tower
09:45 Scout Tower
09:46 Scout Tower
09:47 Scout Tower
11:04 Farm
11:05 Farm
11:06 Farm
11:09 Farm
11:24 Scout Tower
11:26 Scout Tower
11:29 Guard Tower
11:57 Guard Tower
11:59 Guard Tower
12:00 Guard Tower
13:09 Castle
13:09 Castle
13:49 Scout Tower
13:49 Scout Tower
13:50 Scout Tower
13:52 Scout Tower
13:53 Scout Tower
14:22 Scout Tower
14:24 Gryphon Aviary
14:26 Guard Tower
14:26 Guard Tower
14:28 Guard Tower
14:29 Guard Tower
14:32 Guard Tower
14:32 Guard Tower
14:32 Guard Tower
14:57 Guard Tower
15:03 Farm
16:01 Farm
18:55 Gryphon Aviary
20:41 Town Hall
20:45 Town Hall
20:51 Scout Tower
20:52 Scout Tower
20:53 Scout Tower
20:54 Scout Tower
21:31 Guard Tower
21:33 Scout Tower
21:34 Scout Tower
21:34 Scout Tower
21:35 Scout Tower
21:36 Scout Tower
22:09 Guard Tower
» items
| Scroll of Regeneration | 3 | |
| Scroll of Town Portal | 4 | |
| Orb of Corruption | 1 | |
| Potion of Healing | 2 | |
| Potion of Mana | 1 | |
| Staff of Sanctuary | 1 | |
| Orb of Lightning | 1 | |
13 total
lllllilllllllll (
purple | 48 APM | 174 actions | 03:38)
1 Paladin
1 Holy Light
» actions
| Assign group hotkey | 1 | |
| Build / train | 16 | |
| Enter build submenu | 8 | |
| Enter hero's abilities submenu | 1 | |
| Right click | 81 | |
| Select / deselect | 57 | |
| Use ability | 10 | |
174 total
» units
» buildings
| Farm | 3 | |
| Altar of Kings | 1 | |
| Barracks | 1 | |
| Lumber Mill | 1 | |
| Blacksmith | 1 | |
| Keep | 1 | |
8 total
» build order
00:06 Farm
00:08 Altar of Kings
00:11 Barracks
00:55 Lumber Mill
01:13 Farm
01:39 Farm
02:24 Blacksmith
03:25 Keep
Chat log
(00:35 / Allies) EEek: together
(01:01 / Allies) WiX2011: first clear mine
(01:03 / Allies) WiX2011: i want x
(01:06 / Allies) EEek: k
(03:08 / Allies) Kameradschaft: you took my horn
(03:09 / Allies) WiX2011: rdy to clear x?
(03:10 / Allies) Kameradschaft: give me it
(03:14 / Allies) Kameradschaft: adn my tome
(03:31 / Allies) WiX2011: take expo green
(03:37 / Allies) EEek: greens a spazz
(03:39 / Allies) EEek: grow up
(03:40 / Allies) WiX2011: green
(03:40 / Allies) Kameradschaft: he took my shit
(03:41 / Allies) EEek: seriousy
(03:41 / Allies) Kameradschaft: dumb faggot
(03:42 / Allies) WiX2011: cmon
(03:44 / Allies) WiX2011: heleft
(03:45 / Allies) WiX2011: stop
(03:45 / Allies) EEek: oh BOOHOO
(03:46 / Allies) WiX2011: stop
(03:49 / Allies) WiX2011: i got him
(03:58 / Allies) EEek: MOMMY HE TOOK MY ITEMS
(04:03 / Allies) EEek: faggot
(04:07 / Allies) Kameradschaft: mad?
(04:13 / Allies) EEek: no your just gay
(04:17 / Allies) EEek: waste my time
(04:30 / Allies) Kameradschaft: do you care about your record deeply?
(04:35 / Allies) EEek: no
(04:37 / Allies) EEek: but
(04:39 / Allies) Kameradschaft: I'm 0-1 and crashed my first game I do not care unlike you
(04:41 / Allies) EEek: iu invest in the games
(04:46 / Allies) EEek: to have fun
(04:49 / Allies) EEek: unlike u
(04:54 / Allies) Kameradschaft: I bought this game 10 yrs ago got plenty of that
(05:03 / Allies) EEek: then y are u playing
(05:08 / Allies) EEek: if u dont wanna enjoy ut
(05:09 / Allies) Kameradschaft: to get my last jollies out of it
(05:29 / Allies) EEek: As do i
(05:33 / Allies) EEek: but when u tk
(05:37 / Allies) EEek: it just is shitty
(05:47 / Allies) WiX2011: buy a tp green
(05:49 / Allies) Kameradschaft: not for me
(05:56 / Allies) Kameradschaft: also I have no shop
(05:59 / Allies) Kameradschaft: er, t2
(06:28 / Allies) EEek: o man
(06:30 / Allies) EEek: u havent teched
(06:39 / Allies) Kameradschaft: no shit I tked
(09:11 / Allies) WiX2011: check xpo?
(09:17 / Allies) EEek: hit him
(09:19 / Allies) EEek: hes newb
(09:33 / Allies) WiX2011: green u go bottom
(13:12 / Allies) EEek: b
(17:14 / Allies) WiX2011: hit with him green
(17:42 / All) Uknownentity: my team waits till my units are goine to tp
(17:52 / All) Kameradschaft: lol
(18:07 / All) Kameradschaft: Walmart pimp becomes my ho yet again
(18:09 / Allies) EEek: STOP
(18:11 / Allies) EEek: WEEBING
(18:22 / All) Kameradschaft: This was a 3v4 btw
(18:23 / All) Kameradschaft: I tked
(19:06 / Allies) EEek: if i have bats
(19:06 / Allies) EEek: turn
(19:07 / Allies) EEek: off web
(19:14 / Allies) WiX2011: k
(20:52 / Allies) WiX2011: i tp
(22:01 / All) Kameradschaft: Yet again walmart pimp is my ho!
(22:05 / All) Kameradschaft: Hail to the king of 4v4!
(22:29 / All) Kameradschaft: Any last words, ladyboy?